 Dungeon Crawl Stone Soup version 0.30-a0-920-g7493c07aab (webtiles) character file.

Game seed: 14905266355043799977

2713 jasper the Frost Mage (level 9, -4/66 HPs)
             Began as a Gnoll Ice Elementalist on Mar 21, 2023.
             Was a Believer of Ashenzari.
             Slain by a manticore (11 damage)
             ... on level 8 of the Dungeon.
             The game lasted 00:12:14 (8314 turns).

jasper the Frost Mage (Gnoll Ice Elementalist)      Turns: 8314, Time: 00:12:15

Health: -4/66      AC:  5    Str:  7    XL:     9   Next: 66%
Magic:  16/19      EV:  7    Int: 20    God:    Ashenzari [**....]
Gold:   492        SH:  0    Dex: 12    Spells: 10/21 levels left

rFire   . . .      SeeInvis +    g - +2 short sword "Chained Together" {venom, Alch, Melee} (curse)
rCold   . . .      Faith    .    m - +0 buckler of Cremastomancy {Elem, Bglg} (curse)
rNeg    . . .      Spirit   .    a - +0 robe "Share My Doubts" {Bglg, Comp} (curse)
rPois   .          Reflect  .    (no helmet)
rElec   .          Rampage  .    (no cloak)
rCorr   .                        x - +2 pair of gloves
Will    .....                    (no boots)
Stlth   +++                      (no amulet)
HPRegen 0.31/turn                (no ring)
MPRegen 0.16/turn                (no ring)

@: weakened, freezing walls, held
A: fangs 1, strong nose, distributed training
a: Renounce Religion, Curse Item, Shatter the Chains


You were on level 8 of the Dungeon.
You worshipped Ashenzari.
Ashenzari was pleased with you.
You visited 2 branches of the dungeon, and saw 9 of its levels.
You also visited: Sewer.

You collected 492 gold pieces.

Inventory:

Hand Weapons
 d - a +1 spectral war axe
 f - a +0 quarterstaff
 g - the cursed +2 short sword "Chained Together" (weapon) {venom, Alch, Melee}
   (You took it off a kobold on level 1 of the Dungeon)

   It has a curse which improves the following skills: Alchemy: Poison Magic and
   Transmutations.
   Melee Combat: Short Blades, Long Blades, Axes, Maces & Flails, Polearms,
   Staves and Unarmed Combat.
Missiles
 e - 5 javelins
Armour
 a - the cursed +0 robe "Share My Doubts" (worn) {Bglg, Comp}

   It has a curse which improves the following skills: Beguiling: Conjurations,
   Hexes and Translocations.
   Companions: Summonings and Necromancy.
 k - a +0 kite shield
 m - the cursed +0 buckler of Cremastomancy (worn) {Elem, Bglg}
   (You took it off a gnoll sergeant on level 5 of the Dungeon)

   It has a curse which improves the following skills: Elements: Fire Magic, Ice
   Magic, Air Magic and Earth Magic.
   Beguiling: Conjurations, Hexes and Translocations.
 x - a +2 pair of gloves (worn)
Magical Staves
 h - a staff of poison
 t - a staff of conjuration
Jewellery
 o - an amulet of guardian spirit
 z - a ring of ice
 E - a ring of protection from fire
Wands
 B - a wand of mindburst (9)
 C - a wand of roots (9)
Scrolls
 l - 6 scrolls of blinking
 p - 2 scrolls of amnesia
 r - 4 scrolls of identify
 s - a scroll of magic mapping
 u - 2 scrolls of immolation
 v - a scroll of butterflies
 w - a scroll of poison
 y - a scroll of fear
 A - a scroll of fog
Potions
 b - 4 potions of magic
 c - 2 potions of attraction
 i - 2 potions of might
 j - 5 potions of flight
 n - a potion of mutation
 q - 2 potions of heal wounds
 D - 4 potions of curing


   Skills:
 + Level 4.6 Fighting
 + Level 4.6(5.7) Short Blades
 + Level 4.6(5.7) Long Blades
 + Level 4.6(5.7) Axes
 + Level 4.6(5.7) Maces & Flails
 + Level 4.6(5.7) Polearms
 + Level 4.6(5.7) Staves
 + Level 4.6 Ranged Weapons
 + Level 4.6 Throwing
 + Level 4.6 Armour
 + Level 6.6 Dodging
 + Level 6.3 Stealth
 + Level 4.6 Shields
 + Level 4.6(5.7) Unarmed Combat
 + Level 6.9 Spellcasting
 + Level 3.8(5.4) Conjurations
 + Level 3.8(5.4) Hexes
 + Level 3.8(4.9) Summonings
 + Level 3.8(4.9) Necromancy
 + Level 3.8(5.4) Translocations
 + Level 3.8(4.9) Transmutations
 + Level 3.8(4.9) Fire Magic
 + Level 8.1(9.3) Ice Magic
 + Level 3.8(4.9) Air Magic
 + Level 3.8(4.9) Earth Magic
 + Level 3.8(4.9) Poison Magic
 + Level 5.1 Invocations
 + Level 4.6 Evocations


You had 10 spell levels left.
You knew the following spells:

 Your Spells              Type           Power      Damage    Failure   Level
a - Freeze                Ice            100%       1d10      1%          1
b - Frozen Ramparts       Ice            88%        1d14      1%          3
c - Ozocubu's Armour      Ice            44%        N/A       1%          3
d - Olgreb's Toxic Radia  Pois           26%        N/A       16%         4

Your spell library contained the following spells:

 Spells                   Type           Power      Damage    Failure   Level
 Summon Small Mammal      Summ           100%       N/A       1%          1
 Call Canine Familiar     Summ           26%        N/A       4%          3
 Inner Flame              Hex/Fire       27%        N/A       4%          3
 Summon Guardian Golem    Hex/Summ       27%        N/A       4%          3
 Summon Ice Beast         Ice/Summ       35%        N/A       6%          4
 Flame Wave               Conj/Fire      27%        2d9       14%         4
 Sticky Flame             Conj/Fire      27%        2d5       14%         4
 Petrify                  Tmut/Erth      26%        N/A       16%         4
 Summon Lightning Spire   Summ/Air       26%        N/A       16%         4
 Metabolic Englaciation   Hex/Ice        18%        N/A       16%         5
 Ozocubu's Refrigeration  Ice            22%        4d12      91%         7
 Statue Form              Tmut/Erth      17%        N/A       94%         6
 Storm Form               Tmut/Air       13%        N/A       100%        7
 Ignition                 Fire           13%        3d6       100%        8
 Maxwell's Capacitive Co  Air            13%        ∞         100%        8


Dungeon Overview and Level Annotations

Branches:
Dungeon (8/15)             Temple (1/1) D:4           Sewer (visited)
   Lair: D:8-11

Altars:
Ashenzari
Cheibriados
Dithmenos
Gozag
Hepliaklqana
Makhleb
Nemelex Xobeh
Ru
Trog
Vehumet
Wu Jian
Xom
Yredelemnul


Innate Abilities, Weirdness & Mutations

You have very sharp teeth.
Your uncanny sense of smell can sniff out nearby items.
Your experience applies equally to all skills.


Message History

The gnoll misses you. The gnoll closely misses you.
The bullfrog attacks as you move away! The bullfrog barely misses you.
The gnoll bouda gazes fiercely through you!
You feel your attacks grow feeble. The bullfrog barely misses you.
The bullfrog attacks as you move away! The bullfrog completely misses you.
The gnoll closely misses you.
The gnoll throws a throwing net.
The throwing net hits you.
You become entangled in the net!
There is an open door here.
You see here a throwing net.
You tear a large gash into the net.
The bullfrog closely misses you. The bullfrog completely misses you.
The gnoll hits you from afar with a +0 spear.
The gnoll hits you from afar with a +1 spear of freezing.
The gnoll freezes you.
A goblin comes into view.
You take 6 damage, and have 54/66 hp.
You struggle against the net.
The sentinel's mark upon you fades away.
The bullfrog hits you. x2; The manticore bites you.
The manticore barely misses you. The manticore claws you.
The bullfrog completely misses you.
The gnoll hits you from afar with a +0 spear.
The gnoll hits you from afar with a +1 spear of freezing.
The gnoll freezes you.
You take 23 damage, and have 31/66 hp.
MASSIVE DAMAGE!!
Casting: Frozen Ramparts (safe; 1% risk of failure)
Confirm with . or Enter, or press ? or * to list all spells.
Casting: Frozen Ramparts (safe; 1% risk of failure)
Press: ? - help, Dir - look around, f - activate An open door, spattered with blood.
The walls around you are covered in ice.
The wall freezes the bullfrog!
The bullfrog seems to slow down.
The bullfrog hits you but does no damage.
The wall freezes the bullfrog!
The bullfrog seems to slow down.
The bullfrog hits you.
The wall freezes the manticore!
The manticore bites you!!
* * * LOW HITPOINT WARNING * * *
The manticore claws you!
You die...

#.............H.,,
,, *
#................ ,
, * ,
#######'############
, * ,
.....g.............#
,*
.......g........^..#
,
.........g.........+
, ,
.........g.........#
*
........ggFFH......#
,
...###+####@########
...#........<# ..
#.........#
#.........# ,
#.####†##########
*#...))..h.....#
#........o....# ,, ,
* #......<......# ,
#.............#


You could see a manticore, 2 bullfrogs, a gnoll bouda, 3 gnolls and 2 goblins.

Vanquished Creatures
  Prince Ribbit (D:7)
  Eustachio (D:6)
  A black bear (D:5)
  An ice beast (D:6)
  2 sky beasts (D:6)
  5 ogres
  2 centaurs
  A phantom (D:5)
  A kobold brigand (D:7)
  A gnoll sergeant (D:5)
  2 bullfrogs
  4 scorpions
  3 howler monkeys (D:8)
  2 jellies (D:5)
  3 orc priests
  2 hounds
  2 sleepcaps
  An iguana (D:5)
  3 orc wizards
  5 gnolls (D:5)
  7 river rats
  11 adders
  A white imp (D:6)
  2 ufetubi (D:5)
  6 worms
  2 dart slugs
  22 orcs
  8 endoplasms
  5 giant cockroaches
  12 goblins
  6 hobgoblins
  16 jackals
  9 kobolds
  5 quokkas
  7 ball pythons
  8 bats
  7 frilled lizards
  7 rats
184 creatures vanquished.

Vanquished Creatures (others)
  A plant (D:1)
1 creature vanquished.

Grand Total: 185 creatures vanquished

Notes
Turn   | Place    | Note
-------+----------+-------------------------------------------
     0 | D:1      | jasper the Gnoll Ice Elementalist began the quest for the
                  | Orb.
     0 | D:1      | Reached XP level 1. HP: 13/13 MP: 6/6
   211 | D:1      | Reached XP level 2. HP: 19/19 MP: 4/7
   585 | D:1      | Reached skill level 5 in Spellcasting
   585 | D:1      | Reached XP level 3. HP: 23/25 MP: 5/9
   713 | D:1      | Learned a level 3 spell: Frozen Ramparts
   717 | D:1      | Learned a level 3 spell: Ozocubu's Armour
  1064 | D:2      | Reached skill level 1 in Invocations
  1139 | D:2      | Reached skill level 1 in Fighting
  1139 | D:2      | Reached skill level 1 in Short Blades
  1139 | D:2      | Reached skill level 1 in Long Blades
  1139 | D:2      | Reached skill level 1 in Axes
  1139 | D:2      | Reached skill level 1 in Maces & Flails
  1139 | D:2      | Reached skill level 1 in Polearms
  1139 | D:2      | Reached skill level 1 in Staves
  1139 | D:2      | Reached skill level 1 in Ranged Weapons
  1139 | D:2      | Reached skill level 1 in Throwing
  1139 | D:2      | Reached skill level 1 in Armour
  1139 | D:2      | Reached skill level 1 in Shields
  1139 | D:2      | Reached skill level 1 in Unarmed Combat
  1139 | D:2      | Reached skill level 1 in Evocations
  1239 | D:2      | Found a sparkling altar of Nemelex Xobeh.
  1322 | D:2      | Reached XP level 4. HP: 32/32 MP: 7/11
  1717 | D:2      | Found a faded altar of an unknown god.
  1976 | D:3      | Reached skill level 1 in Conjurations
  1976 | D:3      | Reached skill level 1 in Hexes
  1976 | D:3      | Reached skill level 1 in Summonings
  1976 | D:3      | Reached skill level 1 in Necromancy
  1976 | D:3      | Reached skill level 1 in Translocations
  1976 | D:3      | Reached skill level 1 in Transmutations
  1976 | D:3      | Reached skill level 1 in Fire Magic
  1976 | D:3      | Reached skill level 1 in Air Magic
  1976 | D:3      | Reached skill level 1 in Earth Magic
  1976 | D:3      | Reached skill level 1 in Poison Magic
  2105 | D:3      | Found a radiant altar of Vehumet.
  2894 | D:3      | Identified a scroll of acquirement
  2894 | D:3      | Acquired a book of Sloth
  2924 | D:4      | Found a shimmering altar of Xom.
  2985 | D:4      | Reached XP level 5. HP: 31/37 MP: 12/12
  3087 | D:4      | Noticed an ogre
  3095 | D:4      | Killed an ogre
  3294 | D:4      | Noticed an ogre
  3303 | D:4      | Killed an ogre
  3304 | D:4      | Reached skill level 5 in Dodging
  3304 | D:4      | Reached XP level 6. HP: 44/44 MP: 8/14
  3346 | D:4      | Found a staircase to the Ecumenical Temple.
  3355 | Temple   | Entered the Ecumenical Temple
  3415 | Temple   | Became a worshipper of Ashenzari the Shackled
  3455 | D:4      | Found a shimmering altar of Xom.
  3470 | D:4      | Found a shimmering altar of Xom.
  3551 | D:4      | Found a shadowy altar of Dithmenos.
  3788 | D:5      | Entered Level 5 of the Dungeon
  4207 | D:5      | Reached XP level 7. HP: 42/50 MP: 11/15
  4377 | D:5      | Reached skill level 5 in Stealth
  4663 | D:5      | Reached XP level 8. HP: 48/58 MP: 16/16
  5411 | D:6      | Found a glowing drain.
  5412 | D:6      | Reached * piety under Ashenzari
  5421 | Sewer    | Entered a sewer
  6513 | D:6      | Found a snail-covered altar of Cheibriados.
  6721 | D:6      | Found a sacrificial altar of Ru.
  6729 | D:6      | Reached ** piety under Ashenzari
  6790 | D:6      | Noticed Eustachio
  6805 | D:6      | Killed Eustachio
  6806 | D:6      | Reached XP level 9. HP: 48/65 MP: 12/18
  7144 | D:6      | Reached skill level 8 in Ice Magic
  7563 | D:7      | Noticed Prince Ribbit
  7576 | D:7      | Killed Prince Ribbit
  7652 | D:7      | Learned a level 4 spell: Olgreb's Toxic Radiance
  8024 | D:7      | Reached skill level 5 in Invocations
  8299 | D:8      | Noticed a manticore
  8314 | D:8      | Slain by a manticore

Illustrated notes

Levels and vault maps discovered:
D:1:      lightli_arrival_windingriver, layout_loops_ring
D:2:      layout_rooms, basic_altar, shapermc_ecumenical_altar_mp_vishouse,
          dreamdust_wishing_well, chequers_serial_rivers_micro_b,
          nicolae_figureground_pulse
D:3:      layout_basic, lemuel_crystal_altar
D:4:      layout_loops_cross, xom_redecorated, kennysheep_mini,
          minmay_temple_entry_antechambers, minmay_ogre_servants
D:5:      layout_basic, enter_ossuary_1
D:6:      layout_loops_ring, hangedman_ru_absence,
          nicolae_overflow_crystal_walls, lightli_sewer_entry_pipes,
          uniq_eustachio
D:7:      layout_cave_pools, uniq_prince_ribbit1
D:8:      layout_gridville, chequers_temple_overflow_statue_of_worship,
          enter_bailey_5, minmay_fractal_squares_5, uniq_maurice
Temple:   dshaligram_water_room_temple

Skill      XL: |  1  2  3  4  5  6  7  8  9 |
---------------+----------------------------+-----
Spellcasting   | 5 6 |  6.9
Invocations    | 1 2 3 4 5 |  5.1
Fighting       | 1 2 3 4 |  4.6
Short Blades   | 1 2 3 4 |  4.6
Long Blades    | 1 2 3 4 |  4.6
Axes           | 1 2 3 4 |  4.6
Maces & Flails | 1 2 3 4 |  4.6
Polearms       | 1 2 3 4 |  4.6
Staves         | 1 2 3 4 |  4.6
Ranged Weapons | 1 2 3 4 |  4.6
Throwing       | 1 2 3 4 |  4.6
Armour         | 1 2 3 4 |  4.6
Shields        | 1 2 3 4 |  4.6
Unarmed Combat | 1 2 3 4 |  4.6
Evocations     | 1 2 3 4 |  4.6
Conjurations   | 1 2 3 |  3.8
Hexes          | 1 2 3 |  3.8
Summonings     | 1 2 3 |  3.8
Necromancy     | 1 2 3 |  3.8
Translocations | 1 2 3 |  3.8
Transmutations | 1 2 3 |  3.8
Fire Magic     | 1 2 3 |  3.8
Air Magic      | 1 2 3 |  3.8
Earth Magic    | 1 2 3 |  3.8
Poison Magic   | 1 2 3 |  3.8
Dodging        | 5 6 |  6.6
Stealth        | 5 6 |  6.3
Ice Magic      | 8 |  8.1

Action                     |  1- 3 |  4- 6 |  7- 9 || total
---------------------------+-------+-------+-------++-------
  Melee: Short sword       |    31 |    51 |   234 ||   316
         Bite              |     5 |     6 |    28 ||    39
         War axe           |     1 |       |       ||     1
         Punch             |       |     1 |       ||     1
   Cast: Freeze            |    36 |    11 |     3 ||    50
         Frozen Ramparts   |     2 |    10 |    43 ||    55
         Ozocubu's Armour  |       |     4 |     4 ||     8
 Invoke: Curse Item        |       |       |     3 ||     3
    Use: Scroll            |     2 |     8 |       ||    10
         Potion            |       |       |     2 ||     2
   Stab: Sleeping          |     1 |     7 |     2 ||    10
 Armour: Robe              |     5 |     5 |    56 ||    66
  Dodge: Dodged            |    33 |    27 |   140 ||   200
  Block: Buckler           |       |       |    38 ||    38

Table legend: (Time is in decaauts)
 A = Elapsed time spent in this place.
 B = Non-inter-level travel time spent in this place.
 C = Inter-level travel time spent in this place.
 D = Time resting spent in this place.
 E = Time spent auto-exploring this place.
 F = Levels seen in this place.
 G = Mean time per level.
                   A        B        C        D        E       F      G
               +--------+--------+--------+--------+--------+-----+--------+
         Total |   8459 |   7998 |    461 |    265 |   6277 |  10 |  845.9 |
       Dungeon |   7395 |   6965 |    430 |     31 |   5778 |   8 |  924.4 |
        Temple |     76 |     45 |     31 |      0 |     38 |   1 |   76.0 |
         Sewer |    987 |    987 |      0 |    234 |    461 |   1 |  987.0 |
               +--------+--------+--------+--------+--------+-----+--------+

Top non-repeatable levels by time:
     D:5: 1526 daAuts
     D:6: 1362 daAuts
     D:3: 1138 daAuts
   Sewer: 987 daAuts
     D:1: 948 daAuts
     D:2: 837 daAuts
     D:4: 832 daAuts
     D:7: 678 daAuts
  Temple: 76 daAuts
     D:8: 72 daAuts
